 Dungeon Crawl Stone Soup version 0.29-a0-356-g7bc237e783 (webtiles) character file.

Game seed: 18015777315901828454

21 Hubjo the Firebug (level 2, -6/16 HPs)
             Began as a Deep Elf Fire Elementalist on Apr 26, 2022.
             Mangled by Sigmund
             ... wielding a +2 scythe of venom
              (14 damage)
             ... on level 2 of the Dungeon.
             The game lasted 00:01:12 (1265 turns).

Hubjo the Firebug (Deep Elf Fire Elementalist)      Turns: 1265, Time: 00:01:12

Health: -6/16      AC:  2    Str:  5    XL:     2   Next: 65%
Magic:  1/8        EV: 12    Int: 19    God:
Gold:   5          SH:  0    Dex: 15    Spells: 6/7 levels left

rFire   . . .      SeeInvis .   d - +1 whip (drain)
rCold   . . .      Faith    .   (no shield)
rNeg    . . .      Spirit   .   a - +0 robe
rPois   .          Reflect  .   (no helmet)
rElec   .          Harm     .   (no cloak)
rCorr   .          Rampage  .   (no gloves)
Will    .....                   (no boots)
Stlth   ++........              (no amulet)
HPRegen 0.05/turn               (no ring)
MPRegen 0.11/turn               (no ring)

@: no status effects
A: no striking features
a: no special abilities


You were on level 2 of the Dungeon.
You visited 1 branch of the dungeon, and saw 2 of its levels.

You collected 5 gold pieces.

Inventory:

Hand Weapons
 d - a +1 whip of draining (weapon)
Armour
 a - a +0 robe (worn)
Scrolls
 c - a scroll of identify {unknown}
Potions
 b - a potion of magic
 e - a potion of might {unknown}
 f - a potion of cancellation {unknown}


   Skills:
 * Level 1.1 Fighting
 - Level 2.4 Dodging
 + Level 2.8 Stealth
 + Level 3.3 Spellcasting
 - Level 1.1 Conjurations
 + Level 3.5 Fire Magic


You had 6 spell levels left.
You knew the following spells:

 Your Spells              Type           Power      Damage    Failure   Level
a - Foxfire               Conj/Fire      48%        2x1d6     6%          1

Your spell library contained the following spells:

 Spells                   Type           Power      Damage    Failure   Level
 Scorch                   Fire           32%        2d7       5%          2
 Magic Dart               Conj           28%        1d4       10%         1
 Conjure Flame            Conj/Fire      12%        6-21      17%         3
 Call Imp                 Summ           3%         N/A       22%         2
 Inner Flame              Hex/Fire       9%         N/A       22%         3
 Mephitic Cloud           Conj/Pois/Air  4%         N/A       36%         3
 Flame Wave               Conj/Fire      12%        2d6       50%         4


Dungeon Overview and Level Annotations

Branches:
Dungeon (2/15)

Altars:

Annotations:
D:2 Sigmund


Message History

Magic restored.
HP restored.
You now have 5 gold pieces.
Sigmund the Dreaded comes into view.
He is wielding a +2 scythe of venom.
Sigmund is nearby!
Sigmund is nearby!
You conjure some foxfire!
You conjure some foxfire!
Sigmund shouts!
You hear a shout!
Sigmund gestures wildly while chanting.
Sigmund flickers and vanishes!
Deactivating autopickup; reactivate with Ctrl-A.
You miscast Foxfire.
You are very lightly contaminated with residual magic.
Nothing appears to happen.
The foxfire hits something but does no damage.
The foxfire hits something.
You conjure some foxfire!
You conjure some foxfire!
The foxfire hits something.
Your foxfire dissipates!
The foxfire hits something.
You conjure some foxfire!
You conjure some foxfire!
The foxfire hits something. x2
The foxfire hits something but does no damage.
The foxfire hits something.
The foxfire hits something but does no damage.
You conjure some foxfire!
You hear some strange, mumbled words.
A puff of flame appears from out of thin air!
The puff of flame hits you!
Ouch! That really hurt!
You are too injured to fight recklessly!
You are too injured to fight recklessly!
The foxfire hits something but does no damage.
The foxfire hits something. x2; Something barely misses you.
Your magical contamination has completely faded away.
You closely miss something. You barely miss something. Something hits you!
Ouch! That really hurt!
You die...

#... #... .... #..#
#..# #..# #.{# #.@#
# #..#####...#
#........#
#########.#####...#
#.........# #
#.######### #.# #.#
#.#


There were no monsters in sight!

Vanquished Creatures
  A ball python (D:2)
  3 bats (D:1)
  4 endoplasms (D:1)
  3 goblins (D:1)
  3 hobgoblins (D:1)
  A frilled lizard (D:1)
  3 rats (D:1)
18 creatures vanquished.

Vanquished Creatures (others)
  An endoplasm (D:2)
  54 foxfires
  5 toadstools (D:1)
60 creatures vanquished.

Grand Total: 78 creatures vanquished

Notes
Turn   | Place    | Note
-------+----------+-------------------------------------------
     0 | D:1      | Hubjo the Deep Elf Fire Elementalist began the quest for
                  | the Orb.
     0 | D:1      | Reached XP level 1. HP: 10/10 MP: 6/6
   296 | D:1      | Reached XP level 2. HP: 16/16 MP: 4/8
   581 | D:1      | Reached skill level 1 in Fighting
  1254 | D:2      | Noticed Sigmund
  1265 | D:2      | Mangled by Sigmund

Illustrated notes

Levels and vault maps discovered:
D:1:      ldierk_walled_garden, layout_loops_ring, minmay_misc_feat_hallway,
          feat_on_display
D:2:      layout_loops_ring, lemuel_flame_loot_1, uniq_sigmund

Skill      XL: |  1  2 |
---------------+-------+-----
Fighting       | 1 |  1.1
Dodging        | |  2.4
Stealth        | |  2.8
Spellcasting   | |  3.3
Conjurations   | |  1.1
Fire Magic     | |  3.5

Action                   || total
-------------------------++-------
Melee: Whip              ||    19
       Unarmed           ||     2
 Cast: Foxfire           ||    43
 Stab: Sleeping          ||     1
Armor: Robe              ||     3
Dodge: Dodged            ||    16

Table legend: (Time is in decaauts)
 A = Elapsed time spent in this place.
 B = Non-inter-level travel time spent in this place.
 C = Inter-level travel time spent in this place.
 D = Time resting spent in this place.
 E = Time spent auto-exploring this place.
 F = Levels seen in this place.
 G = Mean time per level.
                   A        B        C        D        E       F      G
               +--------+--------+--------+--------+--------+-----+--------+
         Total |   1269 |   1269 |      0 |      0 |   1112 |   2 |  634.5 |
       Dungeon |   1269 |   1269 |      0 |      0 |   1112 |   2 |  634.5 |
               +--------+--------+--------+--------+--------+-----+--------+

Top non-repeatable levels by time:
     D:1: 1202 daAuts
     D:2: 67 daAuts
